AoeStats
← SabahIctimasi

Nomad

509922508Analyzed
3v3 RM · 4d ago on Sep 28, 2026· 22m 27s· 6 players
Game mode
Random Map
Map size
210×210
Population
200
Speed
Normal
Resources
Standard
Victory
Conquest
Starting age
Dark Age
Ending age
Imperial Age
RankedLock teamsTeams togetherTeam positionsShared explorationLock speedFull tech treeHidden civsTurbo modeCheats
Victory
Defeat
🇩🇪 Danes · Germany
1333
+15
🇬🇧 Dravidians · United Kingdom
1331
+15
🇹🇷 Persians · Türkiye
1301
+16
🇹🇷 Saracens · Türkiye
1313
-15
🇺🇸 Byzantines · United States
1312
-16
🇧🇴 Koreans · Bolivia
1291
-15
SabahIctimasi
6:45 Loom
13:29 Feudal Age
13:17 Loom
13:48 Double-Bit Axe
14:50 Gold Mining
15:10 Fishing Lines
15:31 Gold Mining
18:10 Castle Age
17:41 Bloodlines
18:44 Scale Barding Armor
22:46 Husbandry
smithy10w
3:50 Loom
4:33 Loom
8:04 Loom
12:14 Feudal Age
12:53 Fishing Lines
13:53 Double-Bit Axe
15:39 Wheelbarrow
17:59 Town Watch
22:09 Castle Age
20:24 Horse Collar
21:05 Gold Mining
21:05 Stone Mining
22:42 Forging
22:23 Fletching
Blackfish
4:54 Loom
13:13 Feudal Age
16:50 Castle Age
14:49 Double-Bit Axe
15:14 Stone Mining
15:33 Town Watch
17:54 Bow Saw
[SICK] NAUTIKOS
4:51 Loom
14:17 Feudal Age
federx
3:56 Loom
14:44 Feudal Age
15:30 Town Watch
15:41 Stone Mining
18:10 Fishing Lines
19:41 Double-Bit Axe
24:57 Castle Age
El Sobeks
4:39 Loom
12:06 Feudal Age
17:38 Castle Age
15:52 Double-Bit Axe
16:17 Fletching
18:36 Crossbowman
Connection lost

Rejoining the realm…

Still unreachable

The connection could not be restored.

Session expired

The server has moved on; the page needs a fresh start.